 Dungeon Crawl Stone Soup version 0.16.1-7-g2c6721e (console) character file.

1731 Monkaria the Carver (level 8, -1/97 HPs)
             Began as a Minotaur Skald on Mar 29, 2015.
             Was an Initiate of Nemelex Xobeh.
             Slain by a centaur (5 damage)
             ... on level 7 of the Dungeon.
             The game lasted 00:14:07 (6866 turns).

Monkaria the Carver (Minotaur Skald)                Turns: 6866, Time: 00:14:07

Health: -1/97      AC: 24    Str: 19    XL:     8   Next: 76%
Magic:  5/5        EV:  2    Int:  9    God:    Nemelex Xobeh [......]
Gold:   188        SH:  0    Dex: 15    Spells: 1 memorised, 8 levels left

rFire  . . .     SeeInvis +     a - +0 falchion
rCold  + . .     Clarity  .     y - melded +0 scale mail {rF+}
rNeg   + + +     SustAb   .     (no shield)
rPois  +         Gourm    .     (helmet currently unavailable)
rElec  .         Spirit   .     h - melded +0 cloak
rCorr  .         Warding  .     (gloves currently unavailable)
rMut   .         NoTele   +     p - melded +0 pair of boots
MR     .....                    (no amulet)
Stlth  ++........               i - ring of protection from cold
                                f - ring of see invisible

@: agile, tree-form, not resistant to hostile enchantments, unstealthy
A: (retaliatory headbutt), (horns 0), frail 1, low mp 1, wild magic 1
a: Renounce Religion


You were on level 7 of the Dungeon.
You worshipped Nemelex Xobeh.
Nemelex Xobeh was noncommittal.
You were near starving.
You were a tree.
You visited 2 branches of the dungeon, and saw 8 of its levels.

You collected 448 gold pieces.
You spent 260 gold pieces at shops.

Inventory:

Hand weapons
 a - a +0 falchion (weapon)
Missiles
 o - 5 poisoned needles
Armour
 h - a +0 cloak (melded)
 p - a +0 pair of boots (melded)
 y - a +0 scale mail of fire resistance (melded)
Jewellery
 f - a ring of see invisible (left branch)
 i - a ring of protection from cold (right branch)
Magical devices
 e - a wand of magic darts (2)
Scrolls
 k - 4 scrolls of remove curse
 l - a scroll of noise {unknown}
 n - 2 scrolls of teleportation {unknown}
 t - 4 scrolls of enchant weapon {unknown}
 u - 2 scrolls of recharging {unknown}
 v - a scroll of fear {unknown}
 C - a scroll of enchant armour {unknown}
Potions
 b - 3 potions of brilliance
 m - 2 potions of magic
 w - a potion of restore abilities
 x - a potion of might
 z - a potion of haste
 A - a potion of invisibility
 B - 2 potions of agility
 D - 3 potions of resistance
 E - a potion of flight
 F - a potion of curing {unknown}
Books
 c - a book of Battle

   Spells                             Type                      Level
   a - Infusion                       Charms                       1
   b - Shroud of Golubria             Charms/Translocation         2
   c - Song of Slaying                Charms                       2
   d - Spectral Weapon                Hexes/Charms                 3
   e - Regeneration                   Charms/Necromancy            3
Miscellaneous
 G - a plain deck of war
Comestibles
 d - 7 bread rations
 g - 5 meat rations
 j - 3 fruits


   Skills:
 - Level 7.3 Fighting
 - Level 9.0 Long Blades
 + Level 7.6 Armour
 - Level 1.1 Dodging
 - Level 1.3 Spellcasting
 - Level 2.0 Charms


You had 8 spell levels left.
You knew the following spells:

 Your Spells              Type           Power        Failure   Level  Hunger
a - Infusion              Chrm           #.....       30%         1    ##.....


Dungeon Overview and Level Annotations

Branches:
Dungeon (7/15)             Temple (1/1) D:6

Altars:
Ashenzari
Cheibriados
Dithmenos
Fedhas
Kikubaaqudgha
Makhleb
Nemelex Xobeh
Okawaru
Qazlal
Ru
Sif Muna
Trog
Xom
Yredelemnul
Zin
The Shining One

Shops:
D:5 *


Innate Abilities, Weirdness & Mutations

((You reflexively headbutt those who attack you in melee.))
((You have a pair of horns on your head.))
You are frail (-10% HP).
Your magical capacity is low (-10% MP).
Your spells are a little harder to cast, but a little more powerful.


Message History

You turn into a tree.
Your +0 cloak melds into your body.
Your +0 pair of boots melds into your body.
Your +0 scale mail of fire resistance melds into your body.
You feel less resistant to fire.
Your roots penetrate the ground.
The centaur hits you.
* * * LOW HITPOINT WARNING * * *
The centaur hits you but does no damage.
You closely miss the centaur.
The centaur is severely wounded.
The centaur barely misses you.
You barely miss the centaur.
The centaur is severely wounded.
The centaur barely misses you.
Drink which item? (? for menu, Esc to quit)
It was a potion of agility.
You feel agile all of a sudden.
The centaur hits you but does no damage.
The centaur hits you.
You die...
Your body disappears without a glow.

≈≈≈≈≈≈≈≈≈≈≈≈≈#
#####≈≈≈≈≈≈≈≈≈≈≈≈≈#
##...#≈≈≈≈≈≈≈≈≈≈≈≈≈#
#.###.≈≈≈≈≈≈c≈≈≈≈≈≈############
###.# #.≈≈≈≈≈≈≈≈≈≈≈≈≈.(.((.......
#...###.####..#.#(###(###########
).##...## #.#...((..# ########
#.###c##### #..(♣.# #######


You could see a centaur.

Vanquished Creatures
  Prince Ribbit (D:4)
  A hungry ghost (D:7)
  A hippogriff (D:7)
  2 sky beasts
  2 phantoms
  2 ogres
  A wyvern zombie (D:6)
  4 crimson imps
  A centaur skeleton (D:5)
  Crazy Yiuf (D:3)
  A giant frog skeleton (D:6)
  A centaur zombie (D:6)
  A jelly (D:7)
  A hound (D:4)
  3 worker ants
  7 gnolls (D:6)
  7 adders
  2 giant mites
  2 shadow imps
  4 worms
  An adder skeleton (D:4)
  4 giant geckos
  9 orcs
  A ball python (D:7)
  7 bats
  2 bat skeletons
  2 giant cockroaches
  6 hobgoblins
  11 kobolds
  4 quokkas
  A giant cockroach zombie (D:1)
  4 giant newts
  12 goblins
  16 jackals
  2 jackal zombies
  15 rats
  A fungus (D:3)
143 creatures vanquished.

Notes
Turn   | Place    | Note
--------------------------------------------------------------
     0 | D:1      | Monkaria, the Minotaur Skald, began the quest for the Orb.
     0 | D:1      | Reached XP level 1. HP: 18/18 MP: 2/2
   157 | D:1      | Reached XP level 2. HP: 20/25 MP: 2/2
   160 | D:1      | Reached skill level 3 in Fighting
   986 | D:2      | Found a shattered altar of Ashenzari.
  1087 | D:1      | Reached XP level 3. HP: 11/31 MP: 3/3
  1098 | D:1      | HP: 1/31 [hobgoblin (1)]
  1502 | D:2      | Reached skill level 4 in Long Blades
  1548 | D:2      | Found a snail-covered altar of Cheibriados.
  1679 | D:2      | Found an ancient bone altar of Kikubaaqudgha.
  1690 | D:2      | Reached XP level 4. HP: 18/38 MP: 4/4
  2425 | D:3      | Reached skill level 5 in Long Blades
  2543 | D:3      | Noticed Crazy Yiuf
  2551 | D:3      | Killed Crazy Yiuf
  2551 | D:3      | Reached XP level 5. HP: 34/46 MP: 1/4
  2790 | D:4      | Found a glowing silver altar of Zin.
  2828 | D:4      | Reached skill level 6 in Long Blades
  3035 | D:4      | Noticed Prince Ribbit
  3054 | D:4      | Killed Prince Ribbit
  3054 | D:4      | Reached skill level 5 in Fighting
  3054 | D:4      | Reached skill level 7 in Long Blades
  3054 | D:4      | Reached XP level 6. HP: 39/56 MP: 2/5
  3274 | D:4      | Noticed a phantom
  3311 | D:4      | Killed a phantom
  3311 | D:4      | Reached XP level 7. HP: 41/61 MP: 6/6
  3406 | D:4      | Found a glowing drain.
  3725 | D:5      | Entered Level 5 of the Dungeon
  3783 | D:5      | Found a burning altar of Makhleb.
  3798 | D:5      | Reached skill level 8 in Long Blades
  3973 | D:5      | Found a shadowy altar of Dithmenos.
  3990 | D:5      | Gained mutation: You are frail (-10% HP). [mutagenic meat]
  3991 | D:5      | Gained mutation: Your magical capacity is low (-10% MP). [mutagenic meat]
  4037 | D:5      | Found Khuixar's General Store.
  4045 | D:5      | Bought a scroll of identify for 20 gold pieces
  4045 | D:5      | Bought a potion of resistance for 100 gold pieces
  4045 | D:5      | Bought a potion of flight for 30 gold pieces
  4045 | D:5      | Bought a +0 scale mail of fire resistance for 110 gold pieces
  4173 | D:5      | Found a deep blue altar of Sif Muna.
  4872 | D:6      | Reached skill level 9 in Long Blades
  4910 | D:6      | Found a staircase to the Ecumenical Temple.
  5289 | D:6      | Reached XP level 8. HP: 59/65 MP: 5/5
  5310 | Temple   | Entered the Ecumenical Temple
  5479 | Temple   | Became a worshipper of Nemelex Xobeh the Trickster
  5610 | D:6      | Received a gift from Nemelex Xobeh
  6500 | D:7      | Reached skill level 5 in Armour
  6513 | D:7      | Gained mutation: Your spells are a little harder to cast, but a little more powerful. [mutagenic meat]
  6863 | D:7      | HP: 3/97 [centaur (3)]
  6866 | D:7      | Slain by a centaur

Action                   |  1- 3 |  4- 6 |  7- 9 || total
-------------------------+-------+-------+-------++-------
Melee: Falchion          |   103 |   154 |   214 ||   471
 Cast: Infusion          |       |     2 |       ||     2
Evoke: Wand              |       |     9 |       ||     9
  Use: Scroll            |       |     3 |     8 ||    11
       Potion            |       |       |     4 ||     4
  Eat: Chunk             |     2 |     6 |    10 ||    18
       Beef jerky        |       |       |     2 ||     2
